Map: Fields of Death

Players

Semper

  • Race: Terran Terran
  • League: Grandmaster
  • Spawn Location: 12:00

poizon

  • Race: Protoss Protoss
  • League: Diamond
  • Spawn Location: 12:00

Lightning - Winner!

  • Race: Protoss Protoss
  • Spawn Location: 7:00

NightEnD - Winner!

  • Race: Protoss Protoss
  • Spawn Location: 6:00

VOD

Have the link to the VOD?

Description

Time

  • Played on: Aug. 23, 2016, 11:49 a.m.
  • Length: 10:32
Show
View Real Time Build Order
Export as new Build Order

Semper Terran 

Build Orders: 1/1/1, Liberator Opening 

Get SALT Encoding   

  12  0:01  SCV  
  13  0:13  SCV  
  14  0:18  Supply Depot  
  14  0:25  SCV  
  15  0:30  Refinery  
  15  0:39  SCV  
  16  0:46  Barracks  
  16  0:51  SCV  
  17  1:04  SCV  
  18  1:10  Refinery  
  18  1:16  SCV  
  19  1:32  Orbital Command  
  19  1:33  Marine  
  19  1:36  Factory  
  20  1:46  Supply Depot  
  20  1:56  Barracks Reactor  
  20  1:59  SCV  
  21  2:11  SCV  
  22  2:23  SCV  
  22  2:25  Widow Mine  
  22  2:26  Starport  
  25  2:31  Supply Depot  
  25  2:32  Marine x2  
  25  2:35  SCV  
  28  2:43  Bunker  
  28  2:48  SCV  
  28  2:50  Marine x2  
  31  2:53  Widow Mine  
  33  3:00  SCV  
  33  3:03  Supply Depot  
  34  3:05  Medivac  
  34  3:09  Marine  
  37  3:13  SCV  
  37  3:19  Supply Depot  
  37  3:30  Marine, SCV  
  38  3:35  Factory Tech Lab  
  38  3:37  Liberator  
  38  3:42  SCV  
  38  3:47  Marine  
  40  3:48  Marine  
  40  3:53  Siege Tank  
  40  3:54  SCV  
  48  3:59  Supply Depot  
  48  4:07  Marine x2, SCV  
  51  4:27  Marine, SCV  
  49  4:33  Siege Tank  
  49  4:37  Command Center  
  52  4:46  Viking  
  52  5:00  Marine  
  53  5:15  Marine  
  35  5:32  SCV  
  36  5:46  Supply Depot, Refinery  
  36  5:48  Barracks x2  
  36  5:49  SCV  
  37  5:58  Marine  
  37  6:01  SCV  
  37  6:03  Starport Tech Lab  
  39  6:11  Liberator  
  39  6:13  SCV  
  40  6:25  SCV  
  37  6:31  Marine x2  
  42  6:42  Siege Tank  
  42  6:43  Barracks Tech Lab  
  42  6:44  Marine  
  42  6:45  SCV  
  47  6:49  Marine  
  48  6:58  Marine  
  44  7:09  Marine x3  
  44  7:13  SCV  
  44  7:15  Orbital Command  
  44  7:29  Marine  
  40  7:30  Marine  
  40  7:31  SCV  
  43  7:39  Marine  
  43  7:40  Marine  
  43  7:43  SCV x2  
  47  7:54  Marine x2  
  47  7:56  SCV  
  50  7:58  Engineering Bay  
  50  8:02  SCV  
  50  8:09  SCV  
  40  8:15  SCV  
  39  8:20  Marine  
  39  8:21  Marine x2  
  41  8:29  SCV x2  
  41  8:30  Marine  
  41  8:31  Supply Depot, Bunker  
  44  8:38  Marine x2  
  44  8:39  Marine  
  46  8:48  Marine  
  37  8:50  Siege Tank  
  27  8:56  Marine x3  
  25  9:03  SCV  
  25  9:06  Marine  
  22  9:14  Marine  
  25  9:24  Marine  
Show
View Real Time Build Order
Export as new Build Order

poizon Protoss 

Build Orders:  

Get SALT Encoding   

  12  0:01  Probe (Chrono Boost)  
  13  0:12  Probe (Chrono Boost)  
  14  0:20  Pylon  
  14  0:22  Probe (Chrono Boost)  
  15  0:38  Gateway  
  15  0:40  Assimilator  
  15  0:44  Probe (Chrono Boost)  
  16  0:50  Assimilator  
  16  0:54  Probe (Chrono Boost)  
  17  1:05  Probe (Chrono Boost)  
  18  1:13  Gateway  
  18  1:15  Probe (Chrono Boost)  
  19  1:26  Probe (Chrono Boost)  
  19  1:27  Cybernetics Core  
  20  1:33  Pylon  
  20  1:37  Probe (Chrono Boost)  
  21  1:52  Pylon  
  21  1:55  Probe (Chrono Boost)  
  22  2:05  Probe (Chrono Boost)  
  23  2:09  Warp Gate (Chrono Boost)  
  23  2:17  Probe  
  24  2:28  Gateway  
  24  2:30  Stalker  
  24  2:31  Stalker  
  27  2:42  Pylon  
  27  2:50  Probe  
  28  3:01  Adept x2  
  27  3:27  Mothership Core  
  26  3:45  Gateway  
  26  3:48  Probe  
  27  3:59  Nexus, Pylon  
  27  4:01  Probe (Chrono Boost)  
  28  4:12  Probe (Chrono Boost)  
  28  4:16  Adept  
  31  4:21  Adept  
  33  4:24  Adept  
  33  4:30  Probe (Chrono Boost)  
  36  4:40  Probe (Chrono Boost)  
  37  4:51  Probe (Chrono Boost)  
  38  4:55  Stalker x2  
  31  5:21  Probe x2 (Chrono Boost)  
  31  5:32  Probe (Chrono Boost)  
  31  5:35  Stalker x2  
  24  5:52  Probe (Chrono Boost), Stalker  
  27  5:57  Probe (Chrono Boost)  
  28  6:06  Probe (Chrono Boost)  
  28  6:09  Probe (Chrono Boost)  
  30  6:17  Probe (Chrono Boost)  
  31  6:22  Stalker  
  33  6:31  Probe (Chrono Boost)  
  33  6:34  Stalker  
  33  6:38  Probe (Chrono Boost)  
  34  6:45  Stalker  
  34  6:48  Probe (Chrono Boost)  
  35  6:57  Stalker  
  24  7:17  Probe (Chrono Boost)  
  24  7:18  Probe (Chrono Boost)  
  26  7:28  Stalker x2  
  26  8:01  Adept  
  26  8:03  Probe (Chrono Boost)  
  29  8:15  Adept  
  29  8:17  Probe (Chrono Boost)  
  29  8:18  Probe (Chrono Boost)  
  33  8:27  Probe (Chrono Boost)  
  33  8:29  Probe (Chrono Boost)  
  35  8:38  Probe (Chrono Boost)  
  36  8:48  Adept x2  
  40  9:01  Stalker  
  40  9:02  Stalker  
Show
View Real Time Build Order
Export as new Build Order

Lightning Protoss - Winner!

Build Orders: Mass Adepts 

Get SALT Encoding   

  12  0:00  Probe (Chrono Boost)  
  13  0:11  Probe (Chrono Boost)  
  14  0:19  Pylon  
  14  0:22  Probe (Chrono Boost)  
  15  0:37  Probe (Chrono Boost), Gateway  
  16  0:43  Assimilator  
  16  0:48  Probe (Chrono Boost)  
  17  0:58  Probe (Chrono Boost)  
  17  1:01  Gateway  
  18  1:09  Probe (Chrono Boost)  
  19  1:11  Assimilator  
  19  1:19  Probe (Chrono Boost)  
  19  1:25  Cybernetics Core  
  20  1:30  Probe (Chrono Boost)  
  21  1:36  Pylon  
  21  1:40  Probe (Chrono Boost)  
  22  1:51  Probe (Chrono Boost)  
  23  2:02  Warp Gate (Chrono Boost)  
  23  2:03  Adept x2  
  23  2:07  Mothership Core  
  29  2:13  Pylon  
  29  2:31  Robotics Facility  
  29  2:41  Adept x2  
  33  2:53  Twilight Council  
  31  3:20  Adept  
  31  3:21  Adept  
  33  3:28  Warp Prism (Chrono Boost)  
  33  3:30  Resonating Glaives (Chrono Boost)  
  35  3:37  Gateway  
  35  3:41  Gateway  
  35  3:54  Pylon  
  35  4:03  Adept  
  35  4:07  Observer  
  38  4:11  Pylon  
  36  4:34  Probe  
  36  4:37  Adept x2  
  41  4:42  Adept x2  
  45  5:17  Adept  
  45  5:18  Adept  
  41  5:52  Adept x4  
  47  5:59  Pylon  
  47  6:08  Blink (Chrono Boost)  
  47  6:12  Adept  
  47  6:13  Adept x3  
  55  6:46  Adept x4  
  51  7:15  Warp Prism, Stalker x3  
  53  7:17  Stalker  
  41  7:54  Stalker x4  
  45  8:19  Stalker  
  47  8:20  Stalker x3  
  51  8:56  Stalker x2  
  51  8:57  Stalker x2  
Show
View Real Time Build Order
Export as new Build Order

NightEnD Protoss - Winner!

Build Orders: Mass Adepts 

Get SALT Encoding   

  12  0:01  Probe (Chrono Boost)  
  13  0:12  Probe (Chrono Boost)  
  14  0:17  Pylon  
  14  0:23  Probe (Chrono Boost)  
  16  0:35  Probe (Chrono Boost)  
  16  0:38  Gateway  
  16  0:46  Probe (Chrono Boost)  
  17  0:53  Assimilator  
  17  0:55  Assimilator  
  17  0:56  Probe (Chrono Boost)  
  18  1:07  Probe (Chrono Boost)  
  18  1:11  Gateway  
  19  1:18  Probe (Chrono Boost)  
  20  1:25  Cybernetics Core  
  20  1:28  Probe (Chrono Boost)  
  21  1:35  Pylon  
  21  1:39  Probe (Chrono Boost)  
  22  2:01  Adept  
  22  2:02  Warp Gate (Chrono Boost), Adept  
  28  2:13  Robotics Facility  
  26  2:18  Pylon  
  26  2:22  Mothership Core  
  28  2:35  Adept  
  28  2:36  Adept  
  32  2:55  Twilight Council  
  32  3:00  Warp Prism  
  32  3:35  Resonating Glaives (Chrono Boost)  
  30  3:44  Gateway  
  30  3:47  Gateway  
  30  3:52  Pylon  
  30  3:56  Adept x2  
  30  3:59  Observer (Chrono Boost)  
  35  4:17  Adept x2  
  35  4:23  Pylon  
  39  4:41  Adept x2  
  43  4:46  Adept x2  
  47  5:03  Adept x2  
  51  5:07  Adept x2  
  31  5:29  Adept x4  
  32  5:55  Stalker x2  
  25  6:45  Adept x4  
  33  7:20  Adept x4  
  41  7:34  Warp Prism (Chrono Boost)  
  43  7:52  Adept x4  
  47  8:26  Adept x2  
  47  8:27  Adept x2  
  51  8:54  Adept x4  
Tags
 
Add a new tag
Caveats
  • Supply blocks, unpowered buildings, or Contaminate may cause inaccurate times.
  • Supply counts are checked every 10 seconds.